Map: Ulrena

Players

superjames - Winner!

  • Race: Zerg Zerg
  • League: Platinum

LilDicky

  • Race: Terran Terran
  • League: Diamond

VOD

http://www.twitch.tv/tumescentpie

Description

Time

  • Played on: Dec. 12, 2015, 1:52 p.m.
  • Length: 10:48
Show
View Real Time Build Order
Export as new Build Order

superjames Zerg - Winner!

Build Orders: Hatch First 

Get SALT Encoding   

  12  0:01  Drone  
  13  0:12  Overlord  
  13  0:17  Drone  
  14  0:30  Drone  
  14  0:31  Drone  
  16  0:41  Drone  
  17  0:56  Drone  
  17  0:57  Hatchery  
  18  1:04  Drone, Extractor  
  17  1:17  Spawning Pool  
  16  1:19  Drone  
  16  1:24  Drone  
  18  1:31  Drone  
  19  1:43  Drone  
  20  1:53  Drone  
  21  2:00  Overlord  
  21  2:08  Queen x2  
  23  2:10  Drone  
  23  2:13  Drone  
  27  2:26  Zergling x2  
  27  2:27  Drone  
  28  2:38  Zergling x2  
  28  2:53  Drone x4  
  28  2:54  Metabolic Boost  
  31  2:59  Queen  
  31  3:00  Drone  
  34  3:20  Drone  
  34  3:21  Overlord x2  
  34  3:25  Overlord  
  35  3:39  Queen  
  37  3:43  Drone  
  37  3:44  Drone x3  
  37  3:46  Drone  
  37  3:47  Drone  
  43  3:50  Drone  
  44  3:58  Drone  
  45  4:03  Lair, Roach Warren, Extractor  
  45  4:04  Drone  
  45  4:05  Drone  
  45  4:09  Evolution Chamber  
  44  4:10  Drone  
  44  4:12  Evolution Chamber  
  44  4:13  Drone, Extractor  
  44  4:33  Drone  
  45  4:41  Overlord  
  45  4:42  Spore Crawler  
  45  4:43  Roach x2  
  48  4:52  Zerg Missile Weapons Level 1  
  48  4:58  Extractor  
  47  5:03  Hatchery  
  46  5:07  Drone x3  
  46  5:08  Roach x2, Zergling x2  
  46  5:09  Roach x3, Zergling x2  
  61  5:18  Overseer  
  61  5:22  Drone  
  58  5:46  Roach x4, Zergling x4  
  58  5:49  Queen x2  
  64  5:56  Drone  
  68  5:57  Overlord  
  68  6:01  Ravager  
  64  6:19  Drone, Roach x2  
  64  6:20  Drone x2  
  64  6:25  Queen  
  69  6:38  Drone x3, Roach  
  71  6:41  Drone  
  72  6:50  Zerg Ground Armor Level 1  
  72  6:52  Drone  
  72  6:53  Drone x2  
  75  6:56  Drone  
  76  7:01  Drone  
  77  7:09  Zerg Missile Weapons Level 2  
  77  7:12  Glial Reconstitution  
  77  7:16  Roach x2  
  77  7:17  Overlord x2, Hydralisk Den  
  77  7:18  Drone x2  
  77  7:21  Overseer  
  82  7:39  Drone x4  
  82  7:40  Drone x6  
  92  7:50  Hydralisk x3  
  98  7:57  Overlord  
  98  8:06  Overlord x2  
  98  8:18  Drone x2  
  98  8:19  Drone  
  101  8:20  Drone  
  101  8:21  Drone x2  
  101  8:22  Drone x2  
  106  8:29  Muscular Augments  
  106  8:32  Roach  
  106  8:33  Roach x6  
  106  8:34  Roach  
  122  8:36  Overlord  
  122  9:08  Overlord x2  
  122  9:09  Overlord x2  
  122  9:10  Overlord  
  122  9:19  Infestation Pit  
  121  9:24  Spine Crawler  
  121  9:25  Spore Crawler  
  121  9:27  Hydralisk, Roach x3  
  121  9:28  Hydralisk x6, Roach  
  121  9:30  Roach x2  
  145  9:31  Ravager  
  145  9:32  Ravager x2  
  145  9:33  Overlord  
  145  9:35  Overlord  
  145  9:38  Drone, Extractor  
  148  9:39  Extractor  
  148  9:40  Ravager  
  148  9:41  Hydralisk  
  150  10:02  Hydralisk  
  150  10:03  Hydralisk x4  
  150  10:05  Overlord, Zergling x8  
  150  10:06  Zergling x4  
  166  10:19  Hydralisk x2  
  166  10:20  Hydralisk, Zergling x4  
  166  10:21  Overlord, Zergling x2  
Show
View Real Time Build Order
Export as new Build Order

LilDicky Terran 

Build Orders: Mech 

Get SALT Encoding   

  12  0:02  SCV  
  13  0:19  Supply Depot  
  13  0:22  SCV  
  14  0:34  SCV  
  15  0:37  Refinery  
  15  0:46  SCV, Barracks  
  16  0:59  SCV  
  17  1:11  SCV  
  18  1:13  Refinery  
  18  1:23  SCV  
  19  1:34  Supply Depot  
  19  1:36  Orbital Command  
  19  1:37  Reaper  
  20  1:44  Supply Depot  
  20  2:05  Factory  
  20  2:08  SCV  
  21  2:09  Marine  
  22  2:20  SCV  
  23  2:32  SCV  
  24  2:53  Marine  
  24  2:58  Armory  
  25  2:59  Factory Tech Lab, SCV  
  25  3:00  Starport  
  26  3:11  SCV, Marine  
  27  3:24  SCV  
  28  3:29  Marine  
  29  3:36  SCV  
  30  3:48  SCV, Supply Depot  
  31  3:51  Supply Depot  
  31  4:09  Marine  
  31  4:10  SCV, Medivac  
  35  4:18  Thor  
  35  4:22  SCV  
  42  4:25  Liberator  
  42  4:26  Supply Depot  
  42  4:27  Supply Depot, Marine  
  43  4:34  SCV  
  43  4:37  Supply Depot  
  47  4:47  SCV, Marine  
  47  4:48  Terran Vehicle And Ship Armor Level 1  
  50  5:00  SCV  
  50  5:01  Thor  
  56  5:12  SCV  
  57  5:24  SCV  
  58  5:39  Liberator  
  57  5:47  Marine  
  55  6:05  Marine  
  55  6:10  SCV  
  49  6:22  SCV  
  49  6:23  Command Center, Marine  
  49  6:25  Command Center  
  51  6:34  SCV  
  51  6:38  Factory, Siege Tank  
  52  6:42  Factory  
  52  6:45  Marine  
  52  6:46  SCV  
  54  6:58  SCV  
  55  7:06  Refinery x2  
  55  7:08  Marine  
  56  7:09  Command Center  
  56  7:10  Starport Reactor  
  56  7:11  SCV  
  57  7:18  Engineering Bay  
  57  7:23  SCV  
  57  7:26  Factory Tech Lab, Factory Reactor  
  58  7:30  Terran Vehicle And Ship Armor Level 2  
  58  7:35  SCV  
  59  7:47  SCV  
  60  7:59  SCV  
  60  8:02  SCV  
  62  8:11  SCV, Fusion Core  
  62  8:12  Hi-Sec Auto Tracking  
  63  8:17  Orbital Command  
  63  8:18  Orbital Command  
  63  8:26  SCV  
  64  8:32  Thor  
  70  8:34  Refinery, Widow Mine x2  
  70  8:36  Refinery  
  70  8:38  SCV  
  75  8:46  Orbital Command  
  75  8:51  SCV x2  
  78  8:59  Command Center  
  78  9:06  Starport  
  77  9:12  Barracks Tech Lab  
  77  9:15  SCV x2  
  79  9:17  Liberator x2  
  79  9:20  Thor, Siege Tank  
  79  9:22  Hellion  
  90  9:25  Refinery  
  90  9:27  Refinery  
  96  9:51  SCV  
  97  9:54  Missile Turret  
  97  10:03  Missile Turret  
  96  10:08  Missile Turret  
  96  10:10  Missile Turret  
  96  10:12  Missile Turret  
  96  10:20  Command Center  
  106  10:22  Orbital Command  
  106  10:26  Refinery  
Tags
 
Add a new tag
Caveats
  • Supply blocks, unpowered buildings, or Contaminate may cause inaccurate times.
  • Supply counts are checked every 10 seconds.